[Event "Early-Titled-Tuesday-Blitz-February-06-2024"]
[Site "Chess.com"]
[Date "2024.02.06"]
[Round "4"]
[White "vi_pranav"]
[Black "GMRAVEN_ON_YOUTUBE"]
[Result "1-0"]
[WhiteElo "3048"]
[BlackElo "2778"]
[TimeControl "180+1"]
[EndTime "8:41:04 PST"]
[Termination "vi_pranav won on time"]

1. e4 c5 2. Nf3 e6 3. b3 b6 4. Bb2 Bb7 5. Nc3 Nc6 6. g3 Be7 7. Bg2 d6 8. O-O Nf6 9. d4 cxd4 10. Nxd4 Nxd4 11. Qxd4 O-O 12. Rad1 Qc7 13. h3 a6 14. a4 Rac8 15. Rfe1 Rfd8 16. Re2 Qc5 17. Qd3 Nd7 18. Nb1 Ne5 19. Qd2 b5 20. axb5 axb5 21. Bd4 Qc7 22. Qe3 Rd7 23. Red2 Nc6 24. Bb6 Qb8 25. Nc3 b4 26. Na4 Ba6 27. Kh2 Bb5 28. f4 e5 29.
fxe5 Nxe5 30. Bd4 Rdc7 31. Nb6 Re8 32. Nd5 Rb7 33. Bb2 Bf8 34. Nxb4 Bf1 35. Rxf1 Rxb4 36. Qf2 f6 37. Rfd1 Nc4 38. bxc4 Rxb2 39. Qf5 Re5 40. Qd7 Rb7 41. Qg4 Rg5 42. Qe6+ Kh8 43.
Rd5 Re5 44. Rxe5 dxe5 45. Qd5 Rc7 46. Bf1 Rc8 47. Bd3 Bc5 48. Rf1 h6 49. h4 Qb2 50. Qf7 Qd4 51. Kh3 Qe3 52. Qg6 Rd8 53. Qg4 Rb8 54. Qf3 Qxf3 55. Rxf3 Rb2 56. h5 Kg8 57.
Kg4 Kf7 58. Kf5 Rb1 59. Kg4 Rh1 60. Be2 Ke6 61. Rb3 Rh2 62. Bd3 Rf2 63. Rb5 Kf7 64. Rxc5 1-0

[Event "Early-Titled-Tuesday-Blitz-February-06-2024"]
[Site "Chess.com"]
[Date "2024.02.06"]
[Round "4"]
[White "evgchess5"]
[Black "ulises2013"]
[Result "1/2-1/2"]
[WhiteElo "2976"]
[BlackElo "2744"]
[TimeControl "180+1"]
[EndTime "8:41:04 PST"]
[Termination "Game drawn - insufficient material"]

1. e4 g6 2. d4 Bg7 3. Nf3 c5 4. dxc5 Qa5+ 5. Nc3 Nf6 6. Bd3 Qxc5 7. O-O Nc6 8. h3 O-O 9. Be3 Qa5 10. a3 d6 11.
Qd2 a6 12. Rad1 Qc7 13. Bh6 Be6 14. Bxg7 Kxg7 15. Rfe1 Rac8 16. Bf1 Ne5 17. Nd4 Bc4 18. Bd3 Qb6 19. Nce2 Bxd3 20. cxd3 Nc6 21. Nf3 Rfd8 22. Ng3 Nd4 23. Nxd4 Qxd4 24. Rc1 h6 25. Kh2 Rc5 26. b4 Rcc8 27. f3 Nd7 28. Ne2 Qb6 29. d4 Nf8 30. Nf4 e6 31. Qb2 Kg8 32. Nd3 Nd7 33. Nf2 h5 34.
Qd2 Kg7 35. g4 Rxc1 36. Rxc1 Rh8 37. Kg2 hxg4 38. hxg4 Nb8 39. d5 e5 40. g5 Nd7 41. Ng4 Qd8 42. Rh1 Rxh1 43. Kxh1 Qh8+ 44. Kg2 Qh4 45. Qc1 Nf8 46. Qc7 Qxg5 47. Qxd6 f5 48.
Qxe5+ Kg8 49. Kg3 Nh7 50. Qe8+ Kg7 51. Qd7+ Kg8 52. Qe6+ Kg7 53. Qe5+ Kg8 54. Qb8+ Kg7 55.
Qxb7+ Kg8 56. Qc8+ Kg7 57. Qc7+ Kg8 58. Qb8+ Kg7 59.
Qe5+ Kg8 60. d6 fxg4 61. Qxg5 Nxg5 62. d7 Ne6 63. Kxg4 Kf7 64. f4 Ke7 65. f5 gxf5+ 66.
exf5 Nd8 67. a4 Kxd7 68. Kg5 Ke7 69. Kg6 Kf8 70. Kf6 Nc6 71. b5 axb5 72. axb5 Nb4 73. b6 Nd5+ 74. Ke6 Nxb6 75. f6 Na4 76. f7 Nb2 77.
Kf6 Nd1 78. Kg6 Nf2 79. Kh7 Ne4 80. Kg6 Nd6 81. Kh6 Nxf7+ 1/2-1/2

[Event "Early-Titled-Tuesday-Blitz-February-06-2024"]
[Site "Chess.com"]
[Date "2024.02.06"]
[Round "4"]
[White "amanjazu"]
[Black "Onischuk_V"]
[Result "1/2-1/2"]
[WhiteElo "2459"]
[BlackElo "2800"]
[TimeControl "180+1"]
[EndTime "8:41:07 PST"]
[Termination "Game drawn by repetition"]

1. g3 g6 2. Bg2 Bg7 3. f4 Nf6 4. Nf3 O-O 5. O-O c5 6. d3 d5 7. Nc3 Nc6 8. e4 dxe4 9. dxe4 Qxd1 10. Rxd1 e5 11. fxe5 Ng4 12. Nd5 Ngxe5 13. c3 Bg4 14. Kf2 f5 15. exf5 Rxf5 16. Bf4 Raf8 17. Nxe5 Bxe5 18. Be4 Bxd1 19. Rxd1 g5 20. Bxf5 Rxf5 21. Ke3 gxf4+ 22. gxf4 Bg7 23. Ke4 Rh5 24. Rd2 Kf7 25. Ne3 Ke8 26. Nf5 Bf8 27. h4 Kf7 28. Rd5 Kf6 29.
a3 c4 30. Rb5 b6 31. Rd5 Bc5 32. Ne3 Rxh4 33. Nxc4 Ne7 34. Re5 Ng6 35. Rf5+ Ke6 36. b4 Be7 37. a4 Rh3 38. Rd5 Rh4 39. Rf5 Bd6 40. Nxd6 Kxd6 41. c4 Ke6 42. a5 Ne7 43. Re5+ Kd6 44. Rg5 Ng6 45. Rf5 Ne7 46. Rf6+ Kc7 47.
b5 bxa5 48. c5 Rh1 49. Rf7 Kd7 50. Kd4 Rd1+ 51. Kc4 Rc1+ 52. Kd4 Ke6 53. Rxh7 Nf5+ 54. Ke4 Rxc5 55. Rxa7 Nd6+ 56. Ke3 Rxb5 57. Ra6 Kd5 58. Kf3 Nf5 59. Kg4 Nd4 60. f5 Nc6 61. f6 Rb1 62.
Kf5 Rf1+ 63. Kg6 Rg1+ 64. Kf7 Kd6 65. Ke8 Re1+ 66. Kf8 Kd7 67. f7 Rf1 68. Kg7 Rg1+ 69. Kf6 Rf1+ 70. Kg7 Rg1+ 71. Kf6 Rf1+ 72. Kg7 1/2-1/2

[Event "Early-Titled-Tuesday-Blitz-February-06-2024"]
[Site "Chess.com"]
[Date "2024.02.06"]
[Round "4"]
[White "ilqar_74"]
[Black "Denis_Makhnyov"]
[Result "0-1"]
[WhiteElo "2813"]
[BlackElo "3021"]
[TimeControl "180+1"]
[EndTime "8:41:14 PST"]
[Termination "Denis_Makhnyov won by resignation"]

1. e4 e5 2. Nf3 Nc6 3. Bb5 a6 4.
Ba4 Nf6 5. O-O Be7 6. d4 O-O 7. Re1 Nxd4 8. Nxd4 exd4 9. e5 Ne8 10.
Qxd4 d5 11. c3 c5 12. Qd1 Nc7 13. Nd2 Bf5 14. Bc2 Bg6 15. Nf3 Ne6 16. Be3 Qd7 17.
Bxg6 fxg6 18. Qd3 Qc6 19. Rad1 Rad8 20. Qc2 b5 21. Qc1 Rf5 22. a3 a5 23. Qc2 a4 24.
Rd2 Rff8 25. Red1 Rd7 26. Qb1 Rfd8 27. Qa2 Kh8 28. h3 h6 29. Qb1 Nc7 30. Re2 Qe6 31.
Qd3 Rf8 32. Nh2 g5 33. Rde1 Rdd8 34. Bd2 d4 35. cxd4 Rxd4 36. Qc2 Nd5 37. Re4 Qf5 38. f3 Rd8 39. Qc1 Rd3 40. Ng4 c4 41. Ba5 Ra8 42.
Bd2 Bc5+ 43. Kh1 Qe6 44. Ne3 Nf4 45. Ng4 Ng6 46. Bc3 Rad8 47. Qc2 Nh4 48. Nf2 R3d5 49. Qe2 Nf5 50. Kh2 Rd3 51. Nxd3 cxd3 52. Qf1 d2 53.
Rd1 Ne3 54. Rxe3 Bxe3 55. Qe2 Qb6 56. e6 Bf4+ 57. g3 Bd6 58. Rxd2 Re8 59. Rd3 Rxe6 60.
Qd2 Qc6 61. Rd5 Qe8 62. Qd1 Re2+ 63. Kh1 Bc7 64. Rd7 Re7 65. Rxe7 Qxe7 66. Qd3 Qe8 67. Qe4 Qxe4 68. fxe4 Bxg3 69. Kg2 Bc7 70. Kf3 Kg8 71.
e5 Kf7 72. Ke4 Ke6 73. Bd4 g6 74. Bc3 h5 75. Bd2 Bxe5 76. Bxg5 Bxb2 0-1

[Event "Early-Titled-Tuesday-Blitz-February-06-2024"]
[Site "Chess.com"]
[Date "2024.02.06"]
[Round "4"]
[White "Kostya0705"]
[Black "BogdanDeac"]
[Result "0-1"]
[WhiteElo "2619"]
[BlackElo "3021"]
[TimeControl "180+1"]
[EndTime "8:41:15 PST"]
[Termination "BogdanDeac won by resignation"]

1. e4 c6 2. d4 d5 3. e5 Bf5 4.
Nf3 e6 5. Be2 Nd7 6. O-O a5 7.
a4 f6 8. exf6 Ngxf6 9. Be3 Bd6 10. Nbd2 O-O 11. h3 Qe7 12. Re1 h6 13. c3 Qf7 14. Nf1 Ne4 15. N1h2 Rae8 16. Bd3 e5 17. dxe5 Nxe5 18. Nxe5 Bxe5 19. Ng4 Bxg4 20. Qxg4 Nxf2 21. Bxf2 Qxf2+ 22. Kh1 Qg3 23. Qxg3 Bxg3 24. Rxe8 Rxe8 25. Kg1 Re3 26. Rd1 h5 27. Kf1 h4 28. Be2 Kf7 29. Rd3 Re5 30. Rd2 Ke7 31. Rd4 Kd6 32. Rg4 g5 33.
Rd4 Kc5 34. Rd3 Kd6 35. Rd4 b6 36. Rd1 Kc5 37. Rd2 Re4 38. b3 Re3 39. Rd3 Re7 40.
Rd1 Kd6 41. Rd3 Kc7 42. Rd1 Re5 43. Rd3 Kb7 44. Rd1 Kb8 45. Rd2 Kc7 46. Rd1 Kd6 47. Rd2 Re7 48. Rd3 Re4 49. Rd1 Kc5 50. Rd3 Re8 51. Rd1 Bf4 52. Rd3 Be5 53. Bf3 Bg3 54. Be2 Re6 55. Rd1 Rf6+ 56. Bf3 Be5 57. Rd3 Rf4 58.
Ke2 Rf7 59. Kd1 Bf4 60. Kc2 Re7 61. Rd1 Kd6 62. Kd3 Re3+ 63. Kc2 Kc5 64. Rd3 Re7 65. Rd1 b5 66. axb5 Kxb5 67. Rd3 Kc5 68. Rd1 Re3 69.
Rd3 Re8 70. Rd1 Kb5 71. Rd3 a4 72. bxa4+ Kxa4 73. Rd4+ Kb5 74. Rd1 Kc5 75. Rd3 Ra8 76. Kb2 Rb8+ 77. Kc2 Ra8 78. Kb2 Be5 79. Re3 Kd6 80.
Kc2 Ra2+ 81. Kd3 Ra3 82. Kd2 Bf4 83. Kd3 Bxe3 84. Kxe3 Rxc3+ 85. Kd4 Rc4+ 86. Kd3 Rf4 87. Ke3 Ke5 0-1

[Event "Early-Titled-Tuesday-Blitz-February-06-2024"]
[Site "Chess.com"]
[Date "2024.02.06"]
[Round "4"]
[White "SargissyanSargis"]
[Black "dennisodessa"]
[Result "1-0"]
[WhiteElo "2409"]
[BlackElo "2588"]
[TimeControl "180+1"]
[EndTime "8:41:15 PST"]
[Termination "SargissyanSargis won on time"]

1. e4 e6 2. d4 d5 3. Nc3 Bb4 4. e5 c5 5. a3 Ba5 6. b4 cxd4 7. Qg4 Kf8 8. bxa5 dxc3 9. Bd3 Ne7 10. Nf3 Qxa5 11.
h4 Nd7 12. h5 h6 13. a4 Nc5 14.
Ba3 Qc7 15. O-O Bd7 16. Bxc5 Qxc5 17. Rfb1 b6 18. Nd4 Qc8 19. Nb5 Bxb5 20. axb5 Nf5 21. Ra4 Rg8 22. Rba1 Qd7 23. Qb4+ Qe7 24. Qxc3 g6 25.
Qc6 Kg7 26. hxg6 fxg6 27. Bxf5 gxf5 28. Qd6 Rge8 29. R1a3 Kg6 30. Rg3+ Kh7 31. Rc3 Qxd6 32. exd6 Red8 33. Rc7+ Kg6 34. d7 Kf6 35. Raxa7 Rxa7 36.
Rxa7 Ke7 37. Rb7 Rxd7 38. Rxb6 Rc7 39. g3 Rxc2 40. Rb7+ Kf6 41. Rh7 Rb2 42. Rxh6+ Ke5 43. f4+ Kd6 44. Kf1 Rxb5 45. Kf2 Rb2+ 46. Kf3 Rb3+ 47.
Kf2 Rb4 48. Rg6 Re4 49. Rh6 Kc5 50. Rh8 Rc4 51. Re8 Kd6 52. Kf3 Rc3+ 53. Kf2 Kd7 54. Ra8 Ke7 55. Ra6 Kf6 56. Rb6 Rc2+ 57. Kf3 Rc3+ 58. Kf2 Ra3 59. Kg2 Ra7 60. Kf2 Rg7 61.
Ra6 Rd7 62. Rb6 Ke7 63. Ra6 Rd6 64. Ra7+ Kf6 65. Kf3 d4 66. Ke2 d3+ 67. Kd2 e5 68. fxe5+ Kxe5 69. Ra4 Rd4 70. Ra8 Ke4 71. Rf8 Rd5 72.
Re8+ Kf3 73. Rg8 Rd4 74. Rg5 1-0

[Event "Early-Titled-Tuesday-Blitz-February-06-2024"]
[Site "Chess.com"]
[Date "2024.02.06"]
[Round "4"]
[White "twofoxniel"]
[Black "FormerProdigy"]
[Result "1/2-1/2"]
[WhiteElo "2628"]
[BlackElo "3016"]
[TimeControl "180+1"]
[EndTime "8:41:30 PST"]
[Termination "Game drawn - insufficient material"]

1. e4 c6 2. d4 d5 3. Nd2 dxe4 4. Nxe4 Nf6 5. Nxf6+ exf6 6. c3 Bd6 7. Bd3 O-O 8. Ne2 Re8 9. O-O Nd7 10. Bf4 Nf8 11.
Qd2 g6 12. Rfe1 Ne6 13. Bg3 Bxg3 14. Nxg3 f5 15. Re5 Bd7 16. Rae1 Qg5 17. Qxg5 Nxg5 18. Rxe8+ Rxe8 19. Rxe8+ Bxe8 20. f4 Ne6 21. Ne2 Kf8 22.
Kf2 c5 23. Ke3 Bc6 24. g3 Ke7 25. Bc4 cxd4+ 26. Nxd4 Nc5 27. Nxc6+ bxc6 28. b4 Nd7 29. Kd4 f6 30. Be2 Kd6 31. Bf3 g5 32. a4 Nf8 33.
c4 Ne6+ 34. Ke3 c5 35. b5 Nd4 36. Bd1 a5 37. bxa6 Kc7 38. Bf3 Kb6 39. Bb7 Nc2+ 40.
Kd2 Nd4 41. Bc8 Nf3+ 42. Ke3 Nd4 43. Kd3 h6 44. a5+ Ka7 45. Ke3 Nc2+ 46. Kd3 Nd4 47.
Kd2 Kb8 48. Bb7 Nb3+ 49. Kd3 Nxa5 50. Bd5 Ka7 51. Be6 Kxa6 52. Bxf5 Nc6 53. Ke4 Ka5 54. Kd5 Ne7+ 55. Ke6 Nxf5 56. Kxf5 gxf4 57. gxf4 Kb4 58.
Kxf6 Kxc4 59. Kg6 Kb3 60. f5 c4 61. f6 c3 62. f7 c2 63. f8=Q c1=Q 64. Qb8+ Ka2 65. Qa7+ Kb3 66. Qb6+ Ka2 67. Qa5+ Kb3 68. Qb5+ Ka2 69. Qa4+ Kb2 70. Qb4+ Ka2 71. Qa5+ Kb3 72. Qb6+ Ka2 73. Qe6+ Kb2 74. Qe5+ Ka2 75. Qe2+ Kb3 76.
Qd3+ Ka2 77. Qd5+ Kb2 78. Qe5+ Ka2 79. Qe6+ Kb2 80. Kh7 Qc2+ 81. Qg6 Qxh2 82. Qxh6 Qxh6+ 83. Kxh6 1/2-1/2

[Event "Early-Titled-Tuesday-Blitz-February-06-2024"]
[Site "Chess.com"]
[Date "2024.02.06"]
[Round "4"]
[White "Orest_Vovk"]
[Black "BardArtem"]
[Result "1/2-1/2"]
[WhiteElo "2562"]
[BlackElo "2767"]
[TimeControl "180+1"]
[EndTime "8:41:48 PST"]
[Termination "Game drawn - insufficient material"]

1. e4 e5 2. Nf3 Nc6 3. Nc3 Nf6 4. Bb5 Bb4 5. Bxc6 bxc6 6. O-O d6 7. h3 O-O 8. d3 Bxc3 9. bxc3 Re8 10. Nh2 d5 11. Qf3 h6 12. Be3 Qe7 13. a4 Bb7 14.
Rfb1 Bc8 15. a5 a6 16. g4 Qe6 17. Rb4 Bd7 18. Nf1 h5 19. g5 Nh7 20. h4 Qg4+ 21. Qxg4 Bxg4 22. Rb7 Rec8 23. Kg2 Nf8 24. f3 Be6 25.
Ng3 Ng6 26. Nxh5 Nxh4+ 27. Kg3 Ng6 28. f4 dxe4 29. dxe4 exf4+ 30. Nxf4 Ne5 31. Nxe6 fxe6 32. Bf4 Nc4 33. Rxc7 Rxc7 34. Bxc7 Rf8 35. Rd1 Kh7 36. Rd4 Ne3 37. Rd6 Nxc2 38. Rxe6 Ne3 39. g6+ Kg8 40.
Rxc6 Rc8 41. Rb6 Nc4 42. Rc6 Ne5 43. Rxa6 Nd7 44. Ra7 Kf8 45. c4 Ke7 46. e5 Ke6 47. Bd6 Rxc4 48. Ra6 Kf5 49. Ra7 Ke6 50. Ra6 Ra4 51. Kf3 Kf5 52. Ra7 Ke6 53. Ke2 Rg4 54. a6 Ra4 55. Ra8 Nb6 56. Re8+ Kd5 57. Re7 Rxa6 58. Rxg7 Ke4 59. Kf2 Nd5 60. Kg3 Ra3+ 61. Kg4 Nf4 62. Kg5 Ne6+ 63. Kf6 Nxg7 64. Kxg7 Kf5 65. Kh7 Rh3+ 66. Kg7 Rg3 67. Kf7 Rxg6 68. Ke7 Rh6 69. Kd7 Rh7+ 70. Kc6 Ke6 71. Kc5 Rh4 72.
Kc6 Rc4+ 73. Kb5 Kd5 74. Kb6 Rh4 75. Kc7 Rh7+ 76. Kb6 Rg7 77. Ka6 Kc6 78. Ka5 Rb7 79. Ka4 Kd5 80. Ka5 Kc6 81. Ka4 Rb1 82. Ka5 Kd5 83.
Ka4 Kc4 84. Ka5 Rb5+ 85. Ka6 Rd5 86. Kb6 Kd4 87. Kc6 Ra5 88. e6 Ra6+ 89. Kd7 Kd5 90. e7 Rxd6+ 91. Kc7 Re6 92. Kd7 Rd6+ 93. Kc7 Rc6+ 94.
Kd7 Re6 95. e8=Q Rxe8 96. Kxe8 1/2-1/2

[Event "Early-Titled-Tuesday-Blitz-February-06-2024"]
[Site "Chess.com"]
[Date "2024.02.06"]
[Round "4"]
[White "Nikolakis2014"]
[Black "Adekrisna123"]
[Result "1/2-1/2"]
[WhiteElo "2734"]
[BlackElo "2540"]
[TimeControl "180+1"]
[EndTime "8:41:49 PST"]
[Termination "Game drawn by repetition"]

1. Nf3 c5 2. c4 Nc6 3. Nc3 g6 4. e3 Bg7 5. d3 e6 6. g3 Nge7 7. Bg2 d5 8. O-O O-O 9. Qe2 b6 10. Rd1 Bb7 11. Bd2 a6 12. cxd5 exd5 13. d4 cxd4 14.
exd4 Nf5 15. Bg5 Qd6 16. Bf4 Qd7 17. Ne5 Nxe5 18. dxe5 d4 19. Bxb7 Qxb7 20. Ne4 h5 21. Qf3 Kh8 22. Kg2 Rfe8 23. Nd6 Nxd6 24. exd6 Qxf3+ 25. Kxf3 Rad8 26. Rac1 g5 27. Bxg5 Rxd6 28. Rc7 Kg8 29. Bf4 Rd5 30. Rd3 Rb5 31. b3 Re1 32.
Rc6 Re6 33. Rxe6 fxe6 34. Ke4 Kf7 35. Rd2 e5 36. Bg5 Ke6 37. h3 Rc5 38. g4 hxg4 39.
hxg4 Rc1 40. Re2 Rd1 41. f3 Bf8 42. Rh2 Re1+ 43. Kd3 Kd5 44. Rh8 Bb4 45. Rd8+ Ke6 46. Re8+ Kd5 47. Rd8+ Ke6 48. Rb8 Rd1+ 49. Kc2 Rf1 50.
Rxb6+ Bd6 51. Rxa6 Rxf3 52. Bd2 Rf2 53. Kd3 Kd5 54.
Ra5+ Bc5 55. b4 e4+ 56. Kc2 e3 57. Rxc5+ Ke4 58. g5 Rxd2+ 59. Kc1 Rxa2 60. Rc8 Ra1+ 61. Kb2 e2 62. Re8+ Kd3 63. Kxa1 Kd2 64. Kb2 e1=Q 65. Rxe1 Kxe1 66. g6 d3 67. g7 d2 68. g8=Q d1=Q 69.
Qe6+ Kf2 70. Qf5+ Ke3 71. Qg5+ Ke4 72. Qc5 Qd7 73. Kc3 Qg7+ 74. Kb3 Qg3+ 75. Qc3 Qd6 76. Qc4+ Kf3 77. b5 Qd7 78. Kb4 Qd6+ 79. Ka4 Qd8 80.
Qb3+ Ke4 81. b6 Qa8+ 82. Kb5 Qe8+ 83. Ka5 Qa8+ 84. Kb4 Qf8+ 85. Kb5 Qe8+ 86. Ka6 Qa8+ 87. Kb5 Qe8+ 1/2-1/2

[Event "Early-Titled-Tuesday-Blitz-February-06-2024"]
[Site "Chess.com"]
[Date "2024.02.06"]
[Round "4"]
[White "AlexPapasimakopoulos"]
[Black "platy3"]
[Result "0-1"]
[WhiteElo "2768"]
[BlackElo "2930"]
[TimeControl "180+1"]
[EndTime "8:41:50 PST"]
[Termination "platy3 won by resignation"]

1. d4 Nf6 2. c4 e6 3. Nc3 Bb4 4. Qc2 d6 5. Bd2 c5 6. dxc5 Bxc5 7. Nf3 Nc6 8. Bg5 h6 9. Bh4 Qa5 10. Bxf6 gxf6 11. a3 Nd4 12. Nxd4 Bxd4 13. Rc1 Bd7 14. e3 Bxc3+ 15. Qxc3 Qxc3+ 16. Rxc3 Ke7 17. Be2 Rhc8 18. Kd2 Rc7 19. Rhc1 b6 20. g3 Rac8 21. Bd3 f5 22. Ke2 Bc6 23. Kd2 Bd7 24. Be2 Bc6 25. Ke1 Bb7 26. b3 Bc6 27. Kd2 Bd7 28. R1c2 Bc6 29.
Rc1 Bd7 30. R3c2 Be8 31. Kc3 Bc6 32. a4 Be4 33. Rd2 d5 34. Kb4 dxc4 35. Rxc4 Bd5 36. Rxc7+ Rxc7 37. Bc4 Bxc4 38. bxc4 Rc5 39. Rd4 a5+ 40.
Kc3 Rc8 41. Rh4 Rh8 42. Rh5 Kd6 43. h3 Ke5 44. f3 Kf6 45. Rh4 e5 46. g4 fxg4 47.
hxg4 Ke6 48. Rh5 f6 49. Rh1 Kd6 50. Rh4 Ke6 51. f4 exf4 52. exf4 Rg8 53. Kd4 Rd8+ 54. Ke4 Rc8 55. f5+ Kd6 56. Kd4 Rg8 57. Kd3 Ke5 58.
Ke3 Rc8 59. Kd3 Rd8+ 60. Kc3 Rh8 61. Rh1 Kf4 62. Rb1 Kxg4 63. Rxb6 h5 64. Rxf6 h4 65. Rg6+ Kxf5 66. Rg2 h3 67. Rh2 Ke5 68. Kd3 Kd6 69. Kd4 Rh4+ 70. Ke3 Kc5 71. Kf3 Kxc4 72. Rh1 Kb4 73. Kg3 Rh8 74. Kh2 Kxa4 75. Rb1 Ka3 76. Rb5 a4 77. Rb7 Ka2 78. Rb6 a3 79. Rb7 Rc8 80.
Kxh3 Rc3+ 81. Kg2 Rb3 82. Rf7 Kb2 83. Rf2+ Kc3 84. Rf3+ Kc4 85. Rf4+ Kc5 86. Rf5+ Kd4 87. Rf4+ Kd5 88. Rf5+ Kd6 89. Rf6+ Kc5 90. Rf5+ Kb6 91.
Rf6+ Ka5 92. Rf8 Rb6 93. Rf5+ Ka4 94. Rf8 Ra6 95. Rf4+ Kb3 96. Rf3+ Kc4 97. Rf4+ Kd3 98. Rf3+ Kd4 99. Rf4+ Ke5 100. Rf1 a2 101. Ra1 Kd4 102. Kf2 Kc3 103. Ke2 Kb2 104. Rxa2+ Kxa2 0-1

[Event "Early-Titled-Tuesday-Blitz-February-06-2024"]
[Site "Chess.com"]
[Date "2024.02.06"]
[Round "4"]
[White "secretsuperstar7"]
[Black "FaustinoOro"]
[Result "0-1"]
[WhiteElo "2516"]
[BlackElo "2769"]
[TimeControl "180+1"]
[EndTime "8:42:04 PST"]
[Termination "FaustinoOro won on time"]

1. c4 Nf6 2. Nc3 e5 3. g3 Bb4 4. Bg2 O-O 5. Nf3 Re8 6. O-O e4 7. Nd4 Nc6 8. Nc2 Bxc3 9. dxc3 h6 10. Ne3 d6 11. Nd5 Bf5 12. h3 a5 13. Be3 Nd7 14.
Qc2 b6 15. Rad1 Nc5 16. b4 Nd7 17. c5 bxc5 18. bxc5 Be6 19. cxd6 cxd6 20. Bxe4 Bxh3 21. Rfe1 Rc8 22. Nf4 Bg4 23. f3 Nf6 24. Bxc6 Rxc6 25. Bd4 Bd7 26. e4 Nh7 27. Kf2 Ng5 28. Rh1 f6 29. Qb3+ Be6 30. Qb5 Qc7 31. Nd5 Qc8 32. Rd3 Nf7 33. Be3 Ne5 34. Rdd1 Bxd5 35. Qxd5+ Kh7 36. Bd4 Qc7 37. f4 Nc4 38. Qf5+ Kg8 39.
Qd5+ Kh7 40. Qf5+ Kg8 41. Qd5+ Kf8 42. Qf5 Qf7 43. Qh7 Nb2 44. Rb1 Qxa2 45. Qh8+ Kf7 46. Qh7 Nc4+ 47. Kf3 Nd2+ 48. Kg4 Qe6+ 49. Kh4 Nxb1 50.
Rxb1 Rc7 51. Rb6 Qxe4 52. Qxe4 Rxe4 53. Rxd6 Rc4 54. Rd7+ Kg6 55. Kg4 Re2 56. f5+ Kh7 57. Kf3 Re8 58. Bxf6 Rg8 59. Bd4 a4 60. f6 Kg6 61. fxg7 Rc6 62. Ra7 Rc4 63. Ke4 Kh7 64. Kd3 Rgc8 65. g8=Q+ Kxg8 66. Rg7+ Kf8 67. Rh7 R4c6 68.
Rh8+ Ke7 69. Rh7+ Kd6 70. Rxh6+ Kc7 71. Rh7+ Kb8 72. Rh5 Ra6 73. Rb5+ Ka8 74. Rb1 a3 75. Ra1 Rb8 76. c4 a2 77. g4 Ra3+ 78. Ke4 Rb1 79.
Kd5 Kb7 80. g5 Rxa1 81. Bxa1 Rd3+ 82. Kc5 Rd1 83. Bc3 Rc1 84. Be5 a1=Q 85. Bxa1 Rxa1 86.
g6 Rg1 87. Kd6 Rxg6+ 88. Kd7 Rc6 89. Ke7 Rxc4 90. Ke6 Kc6 91. Ke5 Kc5 92. Ke6 Rd4 93. Ke7 Rd6 94. Kf7 Kd5 95. Kg7 Ke5 96. Kh7 Kf6 97.
Kg8 Rd7 98. Kh8 Rf7 99. Kg8 Kg6 0-1

[Event "Early-Titled-Tuesday-Blitz-February-06-2024"]
[Site "Chess.com"]
[Date "2024.02.06"]
[Round "5"]
[White "YurasovMat-2012"]
[Black "Brahianzevich"]
[Result "1-0"]
[WhiteElo "2653"]
[BlackElo "2441"]
[TimeControl "180+1"]
[EndTime "8:49:41 PST"]
[Termination "YurasovMat-2012 won by resignation"]

1. e4 c5 2. Nf3 d6 3. Bb5+ Nd7 4.
O-O a6 5. Bxd7+ Bxd7 6. Re1 Nf6 7.
e5 dxe5 8. Nxe5 e6 9. Qf3 Qc8 10. d3 Be7 11. Bg5 O-O 12. Nd2 h6 13. Bh4 Re8 14. Ne4 Nxe4 15. Qxf7+ Kh7 16. Bxe7 Rxe7 17. Qxe7 Nf6 18. Nxd7 Qxd7 19. Qxd7 Nxd7 20. Rxe6 1-0

[Event "Early-Titled-Tuesday-Blitz-February-06-2024"]
[Site "Chess.com"]
[Date "2024.02.06"]
[Round "5"]
[White "Levanzovsky"]
[Black "Darius321"]
[Result "1-0"]
[WhiteElo "2517"]
[BlackElo "2372"]
[TimeControl "180+1"]
[EndTime "8:50:07 PST"]
[Termination "Levanzovsky won by resignation"]

1. d4 d5 2. c4 e6 3. Nc3 c5 4.
cxd5 cxd4 5. Qxd4 Nc6 6. Qd3 Nb4 7. Qd1 exd5 8. a3 d4 9. axb4 dxc3 10. Qxd8+ Kxd8 11. bxc3 Nf6 12. Bf4 Nd5 13. Rd1 Be6 14. e4 1-0

[Event "Early-Titled-Tuesday-Blitz-February-06-2024"]
[Site "Chess.com"]
[Date "2024.02.06"]
[Round "5"]
[White "Salem-AR"]
[Black "GMG"]
[Result "1-0"]
[WhiteElo "2942"]
[BlackElo "2677"]
[TimeControl "180+1"]
[EndTime "8:50:18 PST"]
[Termination "Salem-AR won by resignation"]

1. Nf3 f5 2. d3 Nc6 3. d4 e6 4. g3 Nf6 5. Bg2 d5 6. O-O Bd6 7. c4 Ne4 8. Nc3 Bb4 9. Qb3 a5 10. cxd5 Bxc3 11. dxc6 Bb4 12. cxb7 Bxb7 13. a3 Bd5 14. Qa4+ 1-0

[Event "Early-Titled-Tuesday-Blitz-February-06-2024"]
[Site "Chess.com"]
[Date "2024.02.06"]
[Round "5"]
[White "vladoboch"]
[Black "Kostya0705"]
[Result "1-0"]
[WhiteElo "2466"]
[BlackElo "2607"]
[TimeControl "180+1"]
[EndTime "8:50:19 PST"]
[Termination "vladoboch won by resignation"]

1. e4 c5 2. Nf3 e6 3. g3 Nc6 4. Bg2 Qc7 5. O-O Nge7 6. d3 g6 7. c3 Bg7 8. d4 cxd4 9. cxd4 d5 10. e5 O-O 11. Nc3 a6 12. Bg5 b5 13. Qd2 Nf5 14.
g4 Nfe7 15. Bf6 Kh8 16. Qh6 Rg8 17. Ng5 1-0

[Event "Early-Titled-Tuesday-Blitz-February-06-2024"]
[Site "Chess.com"]
[Date "2024.02.06"]
[Round "5"]
[White "ProChessWICTH"]
[Black "gpsji27"]
[Result "1-0"]
[WhiteElo "2521"]
[BlackElo "2313"]
[TimeControl "180+1"]
[EndTime "8:50:31 PST"]
[Termination "ProChessWICTH won by resignation"]

1. e4 e5 2. Nf3 Nc6 3. d4 exd4 4. Bc4 Bc5 5. c3 Nf6 6. e5 d5 7. Bb5 Ne4 8. cxd4 Bb6 9. Nc3 Nxc3 10. bxc3 O-O 11. h3 Ne7 12. O-O c6 13. Bd3 f6 14.
Qc2 g6 15. exf6 Rxf6 16. Bg5 Re6 17. Rae1 Bc7 18. Rxe6 Bxe6 19. Re1 Qd6 20. Qe2 1-0

[Event "Early-Titled-Tuesday-Blitz-February-06-2024"]
[Site "Chess.com"]
[Date "2024.02.06"]
[Round "5"]
[White "Meri-Arabidze"]
[Black "Attacker_2006"]
[Result "1-0"]
[WhiteElo "2734"]
[BlackElo "2496"]
[TimeControl "180+1"]
[EndTime "8:50:55 PST"]
[Termination "Meri-Arabidze won by resignation"]

1. d4 d5 2. c4 e6 3. Nc3 Nf6 4.
cxd5 exd5 5. Bg5 c6 6. e3 Bf5 7.
Qf3 Qd7 8. Bxf6 gxf6 9. Nge2 Bb4 10. Ng3 Bg4 11. Qxf6 Rg8 12. Bd3 h5 13. h3 Be7 14.
Qe5 Be6 15. Nxh5 Rxg2 16. Qh8+ 1-0

[Event "Early-Titled-Tuesday-Blitz-February-06-2024"]
[Site "Chess.com"]
[Date "2024.02.06"]
[Round "5"]
[White "UK_23"]
[Black "viktorgen2021"]
[Result "0-1"]
[WhiteElo "2412"]
[BlackElo "2558"]
[TimeControl "180+1"]
[EndTime "8:51:05 PST"]
[Termination "viktorgen2021 won by checkmate"]

1. e4 g6 2. d4 Bg7 3. c3 d6 4.
Nf3 Nf6 5. Bd3 O-O 6. O-O Nc6 7. Re1 e5 8. dxe5 dxe5 9. Qc2 Bg4 10. Nbd2 Qe7 11. h3 Bxf3 12. Nxf3 Rad8 13. Bg5 h6 14.
Be3 Nh5 15. b4 Nf4 16. Bc5 Qe6 17. Bxf8 Rxd3 18. Bxg7 Rxf3 19. Bxh6 Nxg2 20. Kxg2 Rxh3 21. Kg1 Qg4+ 22. Kf1 Rh1# 0-1

[Event "Early-Titled-Tuesday-Blitz-February-06-2024"]
[Site "Chess.com"]
[Date "2024.02.06"]
[Round "5"]
[White "Rikikits"]
[Black "Semetey"]
[Result "1-0"]
[WhiteElo "2838"]
[BlackElo "2637"]
[TimeControl "180+1"]
[EndTime "8:51:14 PST"]
[Termination "Rikikits won by checkmate"]

1. d4 e6 2. e4 b6 3. Nc3 Bb7 4. Bd3 Bb4 5. Ne2 Nf6 6. O-O d5 7. e5 Nfd7 8. Nf4 g6 9. Qg4 Bxc3 10. bxc3 Qe7 11. a4 c5 12. a5 Nc6 13. a6 Bc8 14.
Bb5 Na5 15. dxc5 Qxc5 16. Nxe6 fxe6 17. Ba3 Qxb5 18. Qxe6+ Kd8 19. Be7+ Kc7 20. Qd6# 1-0

[Event "Early-Titled-Tuesday-Blitz-February-06-2024"]
[Site "Chess.com"]
[Date "2024.02.06"]
[Round "5"]
[White "Mikhail_Golubev"]
[Black "Grindaveci"]
[Result "1-0"]
[WhiteElo "2647"]
[BlackElo "2423"]
[TimeControl "180+1"]
[EndTime "8:51:23 PST"]
[Termination "Mikhail_Golubev won by resignation"]

1. e4 e5 2. Nf3 Nc6 3. Bc4 Nf6 4.
Ng5 d5 5. exd5 Na5 6. Bb5+ c6 7. dxc6 bxc6 8. Bd3 Nd5 9. Nf3 Bd6 10. O-O O-O 11. Re1 f5 12. Nxe5 Qf6 13. Nf3 g5 14. c4 g4 15. cxd5 gxf3 16. Qxf3 cxd5 17. Qxd5+ Kh8 18. Qxa8 Bb7 19. Qxa7 Qh4 20. g3 Qb4 21. a3 Qb3 22. Qd4+ Kg8 23. Qxd6 1-0

[Event "Early-Titled-Tuesday-Blitz-February-06-2024"]
[Site "Chess.com"]
[Date "2024.02.06"]
[Round "5"]
[White "VitaliyBernadskiy"]
[Black "AlexTruskavetsky"]
[Result "1-0"]
[WhiteElo "2912"]
[BlackElo "2723"]
[TimeControl "180+1"]
[EndTime "8:51:25 PST"]
[Termination "VitaliyBernadskiy won by checkmate"]

1. d4 Nf6 2. c4 e6 3. Nf3 d5 4. Nc3 dxc4 5. e4 Bb4 6. Bg5 b5 7. a4 c6 8. e5 h6 9. Bh4 g5 10. Nxg5 hxg5 11. Bxg5 Nbd7 12. exf6 Bb7 13. Be2 a6 14. Bf3 Qc7 15. g3 Nb6 16. O-O Rd8 17. Bf4 Qc8 18. Qe2 Bxc3 19. bxc3 Nd5 20. Qe5 Nxc3 21. Qc5 Nd5 22. Bxd5 Rxd5 23. Qe7# 1-0